 Dungeon Crawl Stone Soup version 0.28-a0-589-g333b8329f1 (webtiles) character file.

Game seed: 10542794545826879588

276 Klosterheim the Tainter (level 6, -8/41 HPs)
             Began as a Formicid Venom Mage on Oct 3, 2021.
             Killed from afar by a steam dragon (15 damage)
             ... with a ball of steam
             ... on level 4 of the Dungeon.
             The game lasted 00:19:10 (5950 turns).

Klosterheim the Tainter (Formicid Venom Mage)       Turns: 5950, Time: 00:19:11

Health: -8/41      AC:  7    Str: 13    XL:     6   Next: 50%
Magic:  1/10       EV: 12    Int: 16    God:
Gold:   136        SH:  0    Dex: 11    Spells: 1/11 levels left

rFire   . . .      SeeInvis +   h - +0 falchion
rCold   . . .      Faith    .   (no shield)
rNeg    . . .      Spirit   .   a - +0 robe
rPois   .          Reflect  .   (helmet unavailable)
rElec   .          Harm     .   (no cloak)
rCorr   .          Rampage  .   m - +0 pair of gloves
Will    .....                   (no boots)
Stlth   ++........              (no amulet)
HPRegen 0.13/turn               l - +4 ring of protection
MPRegen 0.12/turn               (no ring)

@: no status effects
A: permanent stasis, dig shafts and tunnels, antennae 3, four strong arms
a: Dig, Shaft Self


You were on level 4 of the Dungeon.
You visited 1 branch of the dungeon, and saw 4 of its levels.

You collected 136 gold pieces.

Inventory:

Hand Weapons
 h - a +0 falchion (weapon)
Missiles
 q - a throwing net
Armour
 a - a +0 robe (worn)
 e - a +0 buckler
 m - a +0 pair of gloves (worn)
Jewellery
 l - a +4 ring of protection (left hand)
Scrolls
 b - a scroll of amnesia {unknown}
 c - 5 scrolls of teleportation {unknown}
 d - a scroll of holy word {unknown}
 f - 3 scrolls of identify {unknown}
 g - a scroll of noise {unknown}
 i - a scroll of acquirement {unknown}
 o - a scroll of summoning {unknown}
 p - a scroll of fog {unknown}
Potions
 j - a potion of attraction {unknown}
 k - 2 potions of might {unknown}
 n - a potion of brilliance {unknown}
 r - a potion of resistance {unknown}


   Skills:
 * Level 0.0 Fighting
 - Level 2.0 Dodging
 - Level 3.0 Stealth
 - Level 3.0 Spellcasting
 + Level 0.0 Conjurations
 - Level 2.0 Transmutations
 + Level 0.0 Air Magic
 + Level 8.0 Poison Magic


You had one spell level left.
You knew the following spells:

 Your Spells              Type           Power      Damage    Failure   Level
a - Sting                 Tmut/Pois      72%        1d6       2%          1
b - Mephitic Cloud        Conj/Pois/Air  10%        N/A       19%         3
c - Poisonous Vapours     Pois/Air       30%        N/A       5%          2
d - Olgreb's Toxic Radia  Pois           28%        N/A       7%          4

Your spell library contained the following spells:

 Spells                   Type           Power      Damage    Failure   Level


Dungeon Overview and Level Annotations

Branches:
Dungeon (4/15)
 Temple: D:4-7

Altars:

Shops:
D:1 *


Innate Abilities, Weirdness & Mutations

You cannot be hasted, slowed, berserked, paralysed or teleported.
You can dig through walls and to a lower floor.
You have a pair of large antennae on your head. (SInv)
Your four strong arms can wield two-handed weapons with a shield.


Message History

You hit the steam dragon but do no damage.
The steam dragon is moderately wounded.
You are engulfed in a cloud of scalding steam.
The steam dragon bites you. The steam dragon barely misses you. x2
The steam dragon claws you but does no damage.
The steam dragon breathes steam at you. The ball of steam misses you.
You are engulfed in a cloud of scalding steam.
The steam dragon breathes steam at you. The ball of steam misses you.
Casting: Poisonous Vapours (safe; 5% risk of failure)
Confirm with . or Enter, or press ? or * to list all spells.
You don't know that spell.
Casting: Poisonous Vapours (safe; 5% risk of failure)
Confirm with . or Enter, or press ? or * to list all spells.
Aiming: Poisonous Vapours (safe; 5% risk of failure)
Press: ? - help, Dir - move target, f/p - steam dragon
Aim: a steam dragon (heavily wounded, poisoned) Poisonous vapours surround the steam dragon!
The steam dragon looks even sicker.
The steam dragon breathes steam at you. The ball of steam hits you!
Casting: Poisonous Vapours (safe; 5% risk of failure)
Confirm with . or Enter, or press ? or * to list all spells.
Aiming: Poisonous Vapours (safe; 5% risk of failure)
Press: ? - help, Dir - move target, f/p - steam dragon
Aim: a steam dragon (heavily wounded, very poisoned) Poisonous vapours surround the steam dragon!
The steam dragon looks even sicker.
You are engulfed in a cloud of scalding steam.
The steam dragon breathes steam at you. The ball of steam hits you.
* * * LOW HITPOINT WARNING * * *
The steam dragon breathes steam at you. The ball of steam misses you.
You are engulfed in a cloud of scalding steam.
* * * LOW HITPOINT WARNING * * *
The steam dragon breathes steam at you. The ball of steam hits you!
You die...

.#......................#.##
##.#...#..................##
...##.##...........).......##
....................)..[....##
#.............§§§..).........##
##............§..§.D§.........##
##.........(..§§§.§............##
###..............§......<...§§..#
.##..###........@.......##..§....
....## ###.(....>.......#######..
....# ###............# #..# ###.#
###..........# ##.## # #.##
##.........# ###.## ##.#
##.......####...# ###
#.......#..#...# #.......)##....#
#..#####.#.#####


There were no monsters in sight!

Vanquished Creatures
  A gnoll shaman (D:3)
  A hound (D:4)
  An orc wizard (D:3)
  7 adders
  3 gnolls
  5 dart slugs
  5 orcs (D:3)
  6 bats
  11 endoplasms
  4 giant cockroaches
  11 goblins
  5 hobgoblins
  5 jackals
  4 quokkas
  7 ball pythons
  7 frilled lizards
  3 kobolds
  3 rats
89 creatures vanquished.

Vanquished Creatures (others)
  A plant (D:1)
1 creature vanquished.

Grand Total: 90 creatures vanquished

Notes
Turn   | Place    | Note
-------+----------+-------------------------------------------
     0 | D:1      | Klosterheim the Formicid Venom Mage began the quest for the
                  | Orb.
     0 | D:1      | Reached XP level 1. HP: 13/13 MP: 3/3
    88 | D:1      | Found Eruefuptae's Assorted Antiques.
   246 | D:1      | Reached XP level 2. HP: 19/19 MP: 0/5
   503 | D:1      | Found a faded altar of an unknown god.
   959 | D:1      | Reached XP level 3. HP: 22/24 MP: 1/6
  1953 | D:2      | Reached skill level 5 in Poison Magic
  1953 | D:2      | Reached XP level 4. HP: 14/30 MP: 1/8
  3010 | D:3      | Reached XP level 5. HP: 34/35 MP: 7/9
  3342 | D:3      | Reached skill level 6 in Poison Magic
  4287 | D:3      | Reached skill level 7 in Poison Magic
  4287 | D:3      | Reached XP level 6. HP: 28/41 MP: 0/10
  4866 | D:4      | Noticed a steam dragon
  4994 | D:4      | Noticed a black bear
  5616 | D:4      | Reached skill level 8 in Poison Magic
  5620 | D:4      | Learned a level 3 spell: Mephitic Cloud
  5623 | D:4      | Learned a level 2 spell: Poisonous Vapours
  5628 | D:4      | Learned a level 4 spell: Olgreb's Toxic Radiance
  5950 | D:4      | Killed from afar by a steam dragon

Illustrated notes

Levels and vault maps discovered:
D:1:      saegor_arrival_simple_d, layout_basic, ebering_ecumenical_altar_hall,
          serial_shops, nicolae_shop_overgrown_old_shop,
          chequers_hall_statues_wall_a
D:2:      layout_basic
D:3:      layout_basic
D:4:      layout_layer_cave, hangedman_decor_clover_reticule

Skill      XL: |  1  2  3  4  5  6 |
---------------+-------------------+-----
Spellcasting   | 3 |  3.0
Transmutations | 2 |  2.0
Poison Magic   | 5 7 8 |  8.0
Dodging        | 2 |  2.0
Stealth        | 3 |  3.0

Action                   |  1- 3 |  4- 6 || total
-------------------------+-------+-------++-------
Melee: Unarmed           |    17 |     6 ||    23
       Falchion          |       |     7 ||     7
 Cast: Sting             |    71 |   130 ||   201
       Poisonous Vapours |       |     6 ||     6
  Use: Potion            |       |     2 ||     2
Armor: Robe              |    10 |    35 ||    45
Dodge: Dodged            |    42 |    77 ||   119

Table legend: (Time is in decaauts)
 A = Elapsed time spent in this place.
 B = Non-inter-level travel time spent in this place.
 C = Inter-level travel time spent in this place.
 D = Time resting spent in this place.
 E = Time spent auto-exploring this place.
 F = Levels seen in this place.
 G = Mean time per level.
                   A        B        C        D        E       F      G
               +--------+--------+--------+--------+--------+-----+--------+
         Total |   5955 |   5514 |    441 |   1825 |   2726 |   4 | 1488.8 |
       Dungeon |   5955 |   5514 |    441 |   1825 |   2726 |   4 | 1488.8 |
               +--------+--------+--------+--------+--------+-----+--------+

Top non-repeatable levels by time:
     D:1: 1696 daAuts
     D:3: 1567 daAuts
     D:2: 1423 daAuts
     D:4: 1266 daAuts
